Unix NetHack Version 5.0.0-0 post-release - last build Jun 10 2026 00:39:30 (3ee93aec679c4c4259841fe613dc97188e26a321,branch:main).

Game began 2026-06-27 12:11:02, ended 2026-06-27 17:11:09.

Eymerich, chaotic male elven Priest

                                                                          ----
                 ------                                        -         --..|
     --------  ---..|.|          ----                       ---.-        |...--
     |...--.----......--       ---..|        ---        .| --....|--------....|
     --......||........---- ---|....--     --..---    --.|...^...-|....#......|
      |..|..----.--.......--..--.....|    --.....|  ---...-.......|....|^--..--
      |.---.^.-----....*....-........|    |......-- |............---...|.|----
      |.|--.....|)..<...........#..#-------.......---.|.......@.*| |.....|--
      |.|.....|.....--.....----...#-#-........---.....|.........d-----)..|.---
      |......---...........--.0--...........--- ---..|....*...*.d[.||........--
      |.-.---- ---.............||.---------.---   -----...----.....--...--....|
      |..-|      |.............--.|----|..|...----    |-..|  --..|....---|...--
      --..--     |-.......--......||..||.........|   --^..--  |..|....|  |...|
       --..|     |.......-----..----..--......-..|   |.....|     -...-|  --..|
        --.|     --......|   ---- |........--....----|-...--    |.....-- --..--
         |.--    --......         ----..----|.......--...--     |...-..--|....|
         |..-- ---......             |..-  --........>...--    --........|-..--
         |...| |........             |...| |.........--...|    |.........|----
         ----- --.--.--              --..| --------.----.--    --.|.|.|.--
                ------                ---         ---  ---      ---------
Eymerich the Adept           St:25 Dx:13 Co:15 In:11 Wi:19 Ch:9  Chaotic
Dlvl:6  $:150 HP:0(59) Pw:69(117) AC:3  Xp:7 T:6111 

Latest messages:
 Elf needs food, badly!
 What do you want to eat? [efjQ or ?*]
 This food really hits the spot!
 Your leg feels better.
 Your movements are only slowed slightly by your load.
 You stop eating the food ration.
 You are caught in a bear trap.
 You are caught in a bear trap.
 What do you want to put on? [ry or ?*]
 Your movements are now unencumbered.
 You finish your dressing maneuver.
 You are caught in a bear trap.
 You are caught in a bear trap.
 You are caught in a bear trap.
 You are caught in a bear trap.
 You are caught in a bear trap.
 You are caught in a bear trap.
 You are caught in a bear trap.
 The giant ant bites!
 You are caught in a bear trap.
 The giant ant bites!
 The giant ant misses!
 You hit the giant ant!
 You knock the giant ant backward with a forceful strike!
 The giant ant bites!
 The giant ant bites!
 You are caught in a bear trap.
 The giant ant bites!
 What do you want to use or apply? [ag-inwyBCIMNUV or ?*]
 You start playing your leather drum.
 You pound on the drum.
 The giant ant turns to flee.
 The giant ant turns to flee.
 You are caught in a bear trap.
 You are caught in a bear trap.
 You are caught in a bear trap.
 You are caught in a bear trap.
 You are caught in a bear trap.
 You finally wriggle free.
 The giant ant misses!
 You miss the giant ant.
 The giant ant bites!
 What do you want to use or apply? [ag-inwyBCIMNUV or ?*]
 You start playing your leather drum.
 You pound on the drum.
 The giant ant turns to flee.
 You can hear again.
 You are blasted by the long sword named Sunsword's power!
 You die...
 Do you want your possessions identified? [ynq] (y)

Inventory:
 Coins    ('$')
  $ - 150 gold pieces
 Weapons  (')')
  T - 20 +0 arrows
  Z - a +0 bow
  L - a blessed +0 sling
  o - 60 +0 darts (at the ready)
  Y - 9 +0 shuriken
  J - 3 blessed +1 daggers
  K - 13 +0 daggers
  t - a blessed +0 aklys (tethered to right hand)
  s - the blessed +0 Sunsword
 Armor    ('[')
  H - a blessed +0 dwarvish iron helm
  q - a +0 pair of gauntlets of power (being worn)
  b - a blessed +3 robe (being worn)
  A - a blessed +0 leather jacket (being worn)
 Comestibles  ('%')
  e - 2 cloves of garlic
  Q - a partly eaten food ration
  j - a fortune cookie
  f - a sprig of wolfsbane
 Scrolls  ('?')
  m - a cursed scroll of teleportation
 Potions  ('!')
  k - a potion of object detection
  d - a potion of holy water
 Rings    ('=')
  r - a +3 ring of adornment
 Wands    ('/')
  g - a wand of cancellation (0:3)
  a - a wand of create monster (0:12)
  N - a wand of enlightenment (0:12)
  w - a wand of slow monster (0:7)
  n - a wand of striking (0:7)
  h - a wand of teleportation (0:5)
 Tools    ('(')
  I - an empty sack
  i - a leather drum
  U - a beartrap
  V - a +0 pick-axe
  C - a skeleton key
  M - a tin whistle
  y - a towel
 Gems/Stones  ('*')
  l - a jade stone named soft
  P - a ruby named hard
  c - a worthless piece of black glass named soft
  F - 2 worthless pieces of white glass named soft
  p - a worthless piece of yellowish brown glass named soft
  B - a flint stone

Eymerich the Priest's attributes:

Background:
 You were an Adept, a level 7 elven Priest.
 You were chaotic, on a mission for Poseidon
 who was opposed by Athena (lawful) and Hermes (neutral).
 You were right-handed.
 You were in the Gnomish Mines, on level 6.
 You entered the dungeon 6111 turns ago.
 You had 678 experience points, 602 more were needed to attain level 8.

Basics:
 You had 0 out of 59 hit points.
 You had 69 out of 117 energy points (spell power).
 Your armor class was 3.
 Your wallet contained 150 zorkmids.
 Autopickup was off.

Final Characteristics:
 Your strength was 25 (base:10, innate limit:18).
 Your dexterity was 13 (limit:18).
 Your constitution was 15 (limit:16).
 Your intelligence was 11 (limit:20).
 Your wisdom was 19 (peak:20, limit:20).
 Your charisma was 9 (limit:18).

Final Status:
 You weren't hungry.
 You were unencumbered.
 You were wielding a club.
 You were unskilled in club.

Final Attributes:
 You were piously aligned.
 You were sleep resistant.
 You were telepathic.
 You had infravision.
 You were guarded.
 Your spell casting was enhanced by wearing a robe.
 You are dead.

Miscellaneous:
 You didn't encounter any bones levels.
 Total elapsed playing time was 2 hours, 13 minutes and 56 seconds.

Major events:
 Turn
    1: Eymerich the chaotic elven Priest entered the dungeon
  352: found Sunsword on the floor
 1232: attained the rank of Acolyte (level 3)
 2872: entered the Gnomish Mines
 4288: attained the rank of Adept (level 6)
 6111: killed by touching Sunsword

Spells:
 Name                 Level Category     Fail Retention
 detect monsters        1   divination     0%   51%-75%
 extra healing          3   healing        0%   61%-70%
 magic missile          2   attack        28%  76%-100%
 knock                  1   matter         0%  76%-100%

Skills:
 Fighting Skills
   bare handed combat [Unskilled]
 Weapon Skills
   club               [Unskilled]
   mace               [Basic]
   morning star       [Unskilled]
   flail              [Basic]
   hammer             [Unskilled]
   quarterstaff       [Unskilled]
   polearms           [Unskilled]
   spear              [Unskilled]
   trident            [Unskilled]
   lance              [Unskilled]
   bow                [Unskilled]
   sling              [Unskilled]
   crossbow           [Unskilled]
   dart               [Unskilled]
   shuriken           [Unskilled]
   boomerang          [Unskilled]
   unicorn horn       [Unskilled]
 Spellcasting Skills
   healing spells     [Basic]
   divination spells  [Unskilled]
   clerical spells    [Basic]

Voluntary challenges:
 Character rerolling was not enabled.
 You never genocided any monsters.
 You never polymorphed an object.
 You never changed form.
 You used no wishes.
Achievements:
 You entered a shop.
 You attained the rank of Acolyte.
 You entered the Gnomish Mines.
 You attained the rank of Adept.

 The Dungeons of Doom: levels 1 to 4
    Level 1:
       A fountain.
    Level 2: "vault"
       A general store.
    Level 3:
       A fountain, a sink.
       Stairs down to The Gnomish Mines.
    Level 4:
 The Gnomish Mines: levels 4 to 6
    Level 4: "box 14 items"
    Level 5: "chest 19 items"
    Level 6: <- You were here.
       Final resting place for
          you, killed by touching Sunsword.


Vanquished creatures:
  a wolf
  a gold golem
  a dwarf leader
  2 mountain nymphs
  2 rock moles
  a fog cloud
  7 gnome leaders
  a gnomish wizard
  a kobold mummy
 an elf zombie
  4 giant ants
  6 floating eyes
  a kitten
  5 dwarves
  2 giant bats
  2 monkeys
 an orc zombie
  a dwarf zombie
  a wererat
  2 werejackals
  3 iguanas
  5 acid blobs
  5 coyotes
  2 gas spores
  2 hobbits
  2 giant rats
  2 brown molds
  a green mold
 25 gnomes
  3 gnome zombies
  2 geckos
 10 jackals
  5 foxes
  a goblin
  9 grid bugs
  4 lichens
  5 newts
129 creatures vanquished.

No species were genocided or became extinct.

Game over:
                       ----------
                      /          \
                     /    REST    \
                    /      IN      \
                   /     PEACE      \
                  /                  \
                  |     Eymerich     |
                  |      150 Au      |
                  |    killed by     |
                  |     touching     |
                  |     Sunsword     |
                  |                  |
                  |       2026       |
                 *|     *  *  *      | *
        _________)/\\_//(\/(/\)/\//\/|_)_______

Goodbye Eymerich the Priest...

You died in The Gnomish Mines on dungeon level 6 with 3127 points,
and 150 pieces of gold, after 6111 moves.
You were level 7 with a maximum of 59 hit points when you died.

